 Dungeon Crawl Stone Soup version 0.12.3 (webtiles) character file.

1533 Chiseanne the Quickloader (level 8, -4/63 HPs)
             Began as a Centaur Hunter on Mar 29, 2015.
             Was an Initiate of Okawaru.
             Slain by a wyvern skeleton (11 damage)
             ... on Level 6 of the Dungeon.
             The game lasted 00:26:03 (7523 turns).

Chiseanne the Quickloader (Centaur Hunter)          Turns: 7523, Time: 00:26:03

HP  -4/63        AC  6     Str 15      XL: 8   Next: 27%
MP   5/5         EV  9     Int 10      God: Okawaru [......]
Gold 272         SH  0     Dex 12      Spells:  0 memorised,  7 levels left

Res.Fire  : + . .   See Invis. : .   w - +1 crossbow
Res.Cold  : . . .   Warding    : .   r - +2 elf leather armour {rF+}
Life Prot.: + . .   Conserve   : .   (no shield)
Res.Poison: +       Res.Corr.  : .   (no helmet)
Res.Elec. : .       Clarity    : .   (no cloak)
Sust.Abil.: . .     Spirit.Shd : .   (no gloves)
Res.Mut.  : .       Stasis     : .   (no barding)
Res.Rott. : .       Ctrl.Telep.: .   u - amulet of faith
Saprovore : . . .   Flight     : .   k - ring of poison resistance
                                     e - ring of life protection

@: very quick, slightly resistant to hostile enchantments, very unstealthy
A: hooves 3, deformed body, herbivore 1, speed 2, fast metabolism 1, tough skin
3
a: Renounce Religion


You were on level 6 of the Dungeon.
You worshipped Okawaru.
Okawaru was noncommittal.
You were not hungry.

You visited 2 branches of the dungeon, and saw 7 of its levels.

You collected 252 gold pieces.

Inventory:

Hand weapons
 a - a +2,+2 orcish short sword of speed
 m - a +2,+2 orcish short sword of holy wrath
 s - a +0,+0 spear of dragon slaying
 w - a +1,+1 crossbow (weapon)
Missiles
 c - 38 bolts (quivered)
 l - 76 arrows
 n - 2 throwing nets
 q - 32 poisoned needles
 z - 14 exploding darts
Armour
 r - a +2 elven leather armour of fire resistance (worn)
Magical devices
 p - a wand of disintegration (6)
Comestibles
 f - 4 bread rations
 j - a meat ration
Scrolls
 d - 2 scrolls of teleportation
 t - a scroll of remove curse
Jewellery
 e - a ring of life protection (left hand)
 k - a ring of poison resistance (right hand)
 u - an amulet of faith (around neck)
 v - an uncursed ring of protection from magic
Potions
 b - 3 potions of heal wounds
 g - a potion of mutation {unknown}
 h - a potion of might {unknown}
 i - 3 potions of curing
 o - a potion of restore abilities {unknown}
 x - a potion of flight {unknown}
 B - a potion of agility {unknown}


   Skills:
 - Level 3.3 Fighting
 * Level 9.7 Crossbows
 - Level 2.5 Armour
 * Level 2.1 Dodging
 - Level 0.5 Stealth
 * Level 0.2 Traps


You had 7 spell levels left.
You didn't know any spells.

Dungeon Overview and Level Annotations

Branches:
Dungeon (6/27)             Temple (1/1) D:5
    Orc: D:6-11

Altars:
Ashenzari
Cheibriados
Elyvilon
Kikubaaqudgha
Makhleb
Nemelex Xobeh
Okawaru
Sif Muna
Trog
Vehumet
Xom
Yredelemnul
Zin
the Shining One

Annotations
D:5 Dowan


Innate Abilities, Weirdness & Mutations

You have hooves in place of feet.
Armour fits poorly on your strangely shaped body.
You digest meat inefficiently.
You cover ground very quickly.
You have a fast metabolism.
You have extremely tough skin (AC +3).


Message History

There is an open door here.
Firing (i - inventory. (,) - cycle):
c - 40 bolts (quivered)
Press: ? - help, Shift-Dir - straight line, f - orc
Aim: an orc, wielding an orcish hammer You shoot a bolt.
The bolt hits the orc.
You kill the orc!
Okawaru accepts your kill.
There is an open door here.
Firing (i - inventory. (,) - cycle):
c - 39 bolts (quivered)
Press: ? - help, Shift-Dir - straight line, f - wyvern skeleton
Aim: a wyvern skeleton You shoot a bolt.
The bolt hits the wyvern skeleton.
The wyvern skeleton bites you!
* * * LOW HITPOINT WARNING * * *
The wyvern skeleton bites you!
* * * LOW HITPOINT WARNING * * *
You see here a leather armour.
There is a stone staircase leading up here.
The wyvern skeleton bites you!
You die...

.....# ########+##
.....# '##### #####
.o## #... #..#
####.####### ##.#
#..........#
##'#####...>......#
....##.(..........#
....o..#.o.o.[.Z@.#
....####..........#
....# #..........#
+#### #######.####
#.# ..# #.## #. .


You could see an orc warrior, an orc and a wyvern skeleton.

Vanquished Creatures
  Grinder (D:3)
  An ogre (D:4)
  Duvessa (D:5)
  A gnoll sergeant (D:5)
  Blork the orc (D:4)
  A giant frog skeleton (D:4)
  2 crimson imps
  2 hounds (D:4)
  An orc priest (D:4)
  2 orc wizards (D:3)
  2 iguanas
  2 worker ants
  A jelly (D:5)
  5 adders
  14 gnolls
  2 giant mites
  An iguana skeleton (D:4)
  A worm (D:4)
  4 giant geckos
  3 oozes (D:2)
  27 orcs
  5 giant cockroaches
  6 goblins
  9 hobgoblins
  4 quokkas
  2 ball pythons (D:3)
  11 bats
  A giant gecko skeleton (D:4)
  4 giant newts
  3 jackals (D:2)
  10 kobolds
  An orc skeleton (D:4)
  A quokka skeleton (D:5)
  15 rats
147 creatures vanquished.

Vanquished Creatures (others)
  A rat (D:5)
1 creature vanquished.

Grand Total: 148 creatures vanquished

Notes
Turn   | Place    | Note
--------------------------------------------------------------
     0 | D:1      | Chiseanne, the Centaur Hunter, began the quest for the Orb.
     0 | D:1      | Reached XP level 1. HP: 17/17 MP: 0/0
   266 | D:1      | Reached XP level 2. HP: 24/24 MP: 1/1
   452 | D:1      | Reached skill level 5 in Crossbows
   970 | D:2      | Reached XP level 3. HP: 29/29 MP: 2/2
  1018 | D:2      | Found a glowing golden altar of the Shining One.
  1045 | D:2      | Found a bloodstained altar of Trog.
  1531 | D:2      | Reached XP level 4. HP: 36/36 MP: 2/2
  2158 | D:3      | Reached skill level 6 in Crossbows
  2603 | D:3      | Reached XP level 5. HP: 42/42 MP: 3/3
  2771 | D:3      | Noticed Grinder
  2851 | D:3      | Reached skill level 7 in Crossbows
  2904 | D:3      | Killed Grinder
  2904 | D:3      | Reached skill level 1 in Armour
  2904 | D:3      | Reached XP level 6. HP: 35/49 MP: 4/4
  3034 | D:3      | Reached skill level 8 in Crossbows
  3667 | D:4      | Reached XP level 7. HP: 51/56 MP: 4/4
  4276 | D:4      | Noticed Blork the orc
  4293 | D:4      | Killed Blork the orc
  4494 | D:4      | Found a shattered altar of Ashenzari.
  4816 | D:4      | Reached skill level 9 in Crossbows
  5074 | D:5      | Entered Level 5 of the Dungeon
  5389 | D:5      | Reached XP level 8. HP: 63/63 MP: 5/5
  5685 | D:5      | Found a staircase to the Ecumenical Temple.
  5748 | Temple   | Entered the Ecumenical Temple
  5952 | Temple   | Became a worshipper of Warmaster Okawaru
  6035 | D:5      | Noticed Duvessa
  6035 | D:5      | Noticed Dowan
  6660 | D:5      | Killed Duvessa
  7523 | D:6      | Slain by a wyvern skeleton

Action                   |  1- 3 |  4- 6 |  7- 9 || total
-------------------------+-------+-------+-------++-------
Melee: Long sword        |       |       |     6 ||     6
 Fire: Crossbow          |    56 |   137 |   151 ||   344
Evoke: Wand              |       |       |     1 ||     1
  Use: Scroll            |     4 |     5 |    10 ||    19
       Potion            |       |       |     1 ||     1
